 Dungeon Crawl Stone Soup version 0.23-a0-164-g7711e57 (webtiles) character file.

14462 grindst0ne the Markscentaur (level 11, -6/105 HPs)
             Began as a Centaur Hunter on Sept 10, 2018.
             Was a High Priest of Okawaru.
             Mangled by a killer bee (11 damage)
             ... on level 1 of the Lair of Beasts.
             The game lasted 00:37:29 (17069 turns).

grindst0ne the Markscentaur (Centaur Hunter)       Turns: 17069, Time: 00:37:30

Health: -6/105     AC: 13    Str: 14 (15) XL:     11   Next: 89%
Magic:  0/17       EV:  8    Int: 10      God:    Okawaru [*****.]
Gold:   244        SH:  0    Dex: 11      Spells: 10/10 levels left

rFire    . . .     SeeInvis .   b - +1 dagger (venom)
rCold    . . .     Gourm    .   (no shield)
rNeg     + + .     Faith    +   L - +1 ring mail "Atoip" {rN++}
rPois    +         Spirit   +   M - +1 hat
rElec    .         Reflect  .   D - scarf {Spirit}
rCorr    .         Harm     .   A - +0 pair of gloves
MR       .....     Clarity  +   (no barding)
Stlth    ..........             i - amulet of faith
HPRegen  0.27/turn              I - +5 ring of protection
MPRegen  0.15/turn              O - ring of poison resistance

@: lethally poisoned (-6 -> -14), very quick
A: large, hooves 3, clarity, clumsy 1, deformed body, deterioration 1, speed 2,
tough skin 3, MP-powered wands
a: Heroism, Finesse, Renounce Religion


You were on level 1 of the Lair of Beasts.
You worshipped Okawaru.
Okawaru was extremely pleased with you.
You were full.

You visited 2 branches of the dungeon, and saw 12 of its levels.
You also visited: Sewer.

You collected 740 gold pieces.
You spent 496 gold pieces at shops.

Inventory:

Hand Weapons
 a - a +1 shortbow
 b - a +1 dagger of venom (weapon)
Missiles
 d - 110 arrows
 F - 2 throwing nets (quivered)
Armour
 A - a +0 pair of gloves (worn)
 D - a scarf of spirit shield (worn)
 K - the +0 leather armour "Jeggapp" {rCorr}
   (You bought it in a shop on level 8 of the Dungeon)

   It provides partial protection from all sources of acid and corrosion.
 L - the +1 ring mail "Atoip" (worn) {rN++}
   (You bought it in a shop on level 8 of the Dungeon)

   It greatly protects you from negative energy.
 M - a +1 hat (worn)
Jewellery
 i - an amulet of faith (around neck)
 k - an uncursed ring of protection from magic
 p - an uncursed amulet of the gourmand
 y - a +2 ring of evasion
 I - a +5 ring of protection (left hand)
 O - a ring of poison resistance (right hand)
Wands
 c - a wand of scattershot (6)
 j - a wand of random effects (38)
 t - a wand of paralysis (21)
 x - a wand of digging (24)
Scrolls
 e - 5 scrolls of teleportation
 g - 2 scrolls of amnesia {unknown}
 h - a scroll of identify
 l - a scroll of magic mapping {unknown}
 m - a scroll of torment {unknown}
 o - a scroll of enchant armour {unknown}
 u - a scroll of remove curse
 B - 2 scrolls of enchant weapon {unknown}
 C - a scroll of random uselessness {unknown}
 E - 4 scrolls of immolation
 H - a scroll of noise {unknown}
 J - a scroll of fog {unknown}
 P - a scroll of summoning {unknown}
Potions
 n - 2 potions of flight
 q - 3 potions of cancellation
 r - a potion of magic
 s - 4 potions of lignification
 v - 2 potions of haste
 w - 4 potions of brilliance
 G - a potion of agility
 N - a potion of might
Comestibles
 f - 24 rations


   Skills:
 + Level 12.5 Fighting
 + Level 16.2 Bows
 - Level 1.3 Dodging
 - Level 0.4 Stealth
 * Level 8.3 Invocations


You had 10 spell levels left.
You didn't know any spells.
Your spell library contained the following spells:

 Spells                   Type           Power        Failure   Level  Hunger
 Freeze                   Ice            #...         61%         1    ##.....
 Shock                    Conj/Air       #...         61%         1    ##.....
 Swiftness                Chrm/Air       #.......     75%         2    ###....
 Throw Frost              Conj/Ice       #.....       75%         2    ###....
 Ozocubu's Armour         Chrm/Ice       #.......     93%         3    ####...
 Static Discharge         Conj/Air       #.......     93%         3    ####...
 Airstrike                Air            #.........   100%        4    #####..
 Summon Ice Beast         Ice/Summ       #.......     100%        4    #####..
 Throw Icicle             Conj/Ice       #.......     100%        4    #####..
 Lightning Bolt           Conj/Air       #.........   100%        5    ######.


Dungeon Overview and Level Annotations

Branches:
Dungeon (11/15)            Temple (0/1) D:6            Lair (1/6) D:11
    Orc (0/2) D:11

Altars:
Cheibriados
Elyvilon
Kikubaaqudgha
Nemelex Xobeh
Okawaru
Trog
Xom
Beogh

Shops:
D:8 [   D:9 %

Annotations:
D:3 exclusion: downstairs


Innate Abilities, Weirdness & Mutations

You have hooves in place of feet.
Armour fits poorly on your strangely shaped body.
You cover ground very quickly.
You have extremely tough skin. (AC +3)
You possess an exceptional clarity of mind.
You are clumsy. (Dex -2)
Your body sometimes deteriorates upon taking damage.
You expend magic power (3 MP) to strengthen your wands.


Message History

You feel sick.
The killer bee buzzes angrily.
You hear an angry buzzing noise.
Evoke which item? (* to show all) (? for menu, Esc to quit)
Aiming: Paralyse
Press: ? - help, Shift-Dir - straight line, f - queen bee, p - killer bee
Aim: a queen bee (chance to defeat MR: 47%)
The queen bee suddenly stops moving!
You feel a slight surge of power.
You feel sick.
You hear an angry buzzing noise.
The helpless queen bee fails to defend itself.
You hit the queen bee but do no damage.
The queen bee is poisoned.
You kick the queen bee, but do no damage.
You feel sick.
You kill the killer bee!
Okawaru accepts your kill.
The killer bee rages.
The killer bee stings you.
* * * LOW HITPOINT WARNING * * *
The killer bee stings you!
You die...

....## ..# # .....##
#.# #. ......# ####
#.##### ##.. ......#
...y% #..#.###...#
......## yy%###
#....#....# .......#
%(.# ###.......#
......##
#y###....#....##
......##
#yy#....P##....#
.......#
#@##...####...(##
.......#
######(†#...# #....P#
......P#
#.(....((.### ##.#.##
####..## ##........##
#....# # #.P#
#(.......## ###..##
## #### ##........#
##..# .###
##..........# #P.#
...#####.........#.#
##.#
......P###.....###...
#..


You could see a queen bee (paralysed) and 2 killer bees.

Vanquished Creatures
  A hydra (Lair:1)
  2 two-headed ogres
  An unseen horror (D:11)
  Pikel (D:7)
  A cyclops (D:11)
  A black mamba (Lair:1)
  2 spiny frogs (Lair:1)
  Psyche (D:9)
  A komodo dragon (D:11)
  A troll (D:7)
  10 blink frogs
  3 hippogriffs
  A hungry ghost (D:11)
  Edmund (D:6)
  A porcupine (Lair:1)
  2 water moccasins
  3 orc warriors
  2 phantoms
  2 sky beasts
  An ice beast (D:10)
  7 ogres
  2 necrophages
  A centaur (D:8)
  A crocodile (Lair:1)
  A big kobold (D:11)
  12 bullfrogs
  A scorpion (D:10)
  A water moccasin skeleton (D:7)
  38 killer bees
  3 howler monkeys
  5 wights (D:10)
  2 bullfrog zombies (D:5)
  2 crimson imps (D:6)
  A quasit (D:8)
  2 jellies
  10 hounds
  7 orc priests
  2 centaur skeletons
  Jessica (D:5)
  Terence (D:3)
  3 iguanas
  16 orc wizards
  9 worker ants
  A killer bee zombie (D:8)
  4 hound skeletons
  A howler monkey zombie (D:8)
  2 worker ant zombies
  21 adders
  6 gnolls
  2 river rats (D:6)
  2 shadow imps (D:11)
  11 oozes (Sewer)
  An adder zombie (D:7)
  4 adder skeletons
  5 worms
  2 dart slugs
  16 leopard geckos
  43 orcs
  10 ball pythons (Sewer)
  7 giant cockroaches
  10 goblins
  7 hobgoblins
  3 jackals (D:6)
  10 quokkas
  5 bats
  15 frilled lizards
  A jackal skeleton (D:8)
  16 kobolds
  2 quokka skeletons
  A quokka zombie (D:5)
  6 rats
  A bush (D:8)
  A plant (D:11)
382 creatures vanquished.

Vanquished Creatures (others)
  3 slaves (D:7)
  An orc warrior (D:7)
  An ogre (D:7)
  A human (D:10)
  A scorpion (D:7)
  A bullfrog skeleton (D:7)
  2 bushes (D:8)
  A plant (D:11)
11 creatures vanquished.

Grand Total: 393 creatures vanquished

Notes
Turn   | Place    | Note
-------+----------+-------------------------------------------
     0 | D:1      | grindst0ne the Centaur Hunter began the quest for the Orb.
     0 | D:1      | Reached XP level 1. HP: 17/17 MP: 1/1
   204 | D:1      | Reached XP level 2. HP: 14/25 MP: 2/2
   589 | D:1      | Reached skill level 6 in Bows
   796 | D:2      | Reached XP level 3. HP: 28/30 MP: 3/3
  1595 | D:3      | Noticed Terence
  1623 | D:3      | Reached XP level 4. HP: 10/38 MP: 4/4
  1655 | D:3      | Killed Terence
  2351 | D:3      | Reached skill level 7 in Bows
  2351 | D:3      | Reached XP level 5. HP: 46/46 MP: 5/5
  2559 | D:3      | Found a bloodstained altar of Trog.
  2819 | D:4      | Noticed an ogre
  2823 | D:4      | Noticed an ogre
  2889 | D:4      | Noticed an ogre
  2915 | D:3      | Reached XP level 6. HP: 32/53 MP: 6/6
  3093 | D:4      | Reached skill level 8 in Bows
  3107 | D:4      | Reached skill level 5 in Fighting
  3253 | D:4      | Reached XP level 7. HP: 49/61 MP: 7/7
  3308 | D:4      | Reached skill level 9 in Bows
  3553 | D:4      | Found an iron altar of Okawaru.
  3565 | D:4      | Became a worshipper of Warmaster Okawaru
  3794 | D:5      | Entered Level 5 of the Dungeon
  4595 | D:5      | Reached skill level 10 in Bows
  4612 | D:5      | Reached XP level 8. HP: 33/71 MP: 4/8
  5184 | D:5      | Found a sparkling altar of Nemelex Xobeh.
  5184 | D:5      | Noticed Jessica
  5204 | D:5      | Killed Jessica
  5759 | D:6      | Found a staircase to the Ecumenical Temple.
  6100 | D:6      | Noticed Edmund
  6115 | D:6      | Killed Edmund
  6362 | D:6      | Found a glowing drain.
  6366 | Sewer    | Entered a sewer
  6436 | Sewer    | Reached skill level 11 in Bows
  6957 | Sewer    | Reached * piety under Okawaru
  7277 | D:6      | You fall through a shaft for 3 floors!
  7403 | D:8      | Found Raxtehed's Antique Armour Emporium.
  7479 | D:7      | Reached XP level 9. HP: 70/82 MP: 9/9
  7548 | D:7      | Found a white marble altar of Elyvilon.
  7552 | D:7      | Reached skill level 12 in Bows
  7600 | D:7      | Noticed a troll
  7631 | D:7      | Noticed Pikel
  7710 | D:7      | Killed Pikel
  7710 | D:7      | Reached ** piety under Okawaru
  7728 | D:7      | Killed a troll
  8233 | D:7      | Found a shimmering altar of Xom.
  8268 | D:7      | Reached skill level 13 in Bows
  8572 | D:6      | Found a snail-covered altar of Cheibriados.
  8755 | D:8      | Reached *** piety under Okawaru
  8818 | D:8      | Reached skill level 10 in Fighting
  9269 | D:8      | Bought a twisted leather armour for 217 gold pieces
  9269 | D:8      | Bought a faintly glowing ring mail for 279 gold pieces
  9280 | D:8      | Identified the cursed +0 leather armour "Jeggapp" {rCorr}
                  | (You bought it in a shop on level 8 of the Dungeon)
  9302 | D:8      | Identified the +1 ring mail "Atoip" {rN++} (You bought it
                  | in a shop on level 8 of the Dungeon)
  9614 | D:8      | Reached XP level 10. HP: 63/94 MP: 6/10
 10210 | D:9      | Found Sagekhis's Food Emporium.
 10246 | D:9      | Reached skill level 14 in Bows
 10403 | D:9      | Noticed Psyche
 10446 | D:9      | Killed Psyche
 10894 | D:10     | Entered Level 10 of the Dungeon
 10913 | D:10     | Found an ancient bone altar of Kikubaaqudgha.
 10994 | D:10     | Reached **** piety under Okawaru
 12142 | D:10     | Received a gift from Okawaru
 12218 | D:10     | Noticed a two-headed ogre
 12254 | D:10     | Killed a two-headed ogre
 12254 | D:10     | Reached skill level 15 in Bows
 12317 | D:10     | Reached skill level 1 in Invocations
 12784 | D:11     | Killed an unseen horror
 12784 | D:11     | Received a gift from Okawaru
 12972 | D:11     | Noticed a two-headed ogre
 13069 | D:11     | Killed a two-headed ogre
 13069 | D:11     | Reached ***** piety under Okawaru
 13069 | D:11     | Reached XP level 11. HP: 103/103 MP: 13/13
 13371 | D:11     | Found a staircase to the Lair.
 13833 | D:11     | Found a staircase to the Orcish Mines.
 13881 | D:11     | Found a roughly hewn altar of Beogh.
 14195 | D:11     | Reached skill level 5 in Invocations
 14270 | Lair:1   | Entered Level 1 of the Lair of Beasts
 14359 | Lair:1   | Received a gift from Okawaru
 15157 | Lair:1   | Noticed an eight-headed hydra
 15217 | Lair:1   | Killed an eight-headed hydra
 15217 | Lair:1   | Received a gift from Okawaru
 15217 | Lair:1   | Received a gift from Okawaru
 15427 | Lair:1   | Reached skill level 16 in Bows
 15746 | Lair:1   | Gained mutation: You expend magic power (3 MP) to
                  | strengthen your wands. [potion of mutation]
 15746 | Lair:1   | Gained mutation: Your body sometimes deteriorates upon
                  | taking damage. [potion of mutation]
 15746 | Lair:1   | Gained mutation: You are clumsy. (Dex -2) [potion of
                  | mutation]
 15746 | Lair:1   | Gained mutation: You possess an exceptional clarity of
                  | mind. [potion of mutation]
 17069 | Lair:1   | HP: 5/105 [killer bee (5)]
 17069 | Lair:1   | Mangled by a killer bee

Vault maps used:
D:1:      dpeg_arrival_tiny_b, minmay_unequal
D:2:      serial_glass, glass_columns_b, glass_columns_a, glass_columns_a,
          glass_columns_b
D:3:      first_ration, trog_hazing_becter, uniq_terence
D:4:      okawaru_altar_gauntlet_db
D:5:      nemelex_lonely_heart_becter
D:6:      kennysheep_little_box, minmay_temple_entry_glassed_door,
          gup_sewer_entry_spiral, kennysheep_nub, uniq_edmund
D:7:      basic_altar, minivault_4, xom_confusion_cloud, uniq_pikel
D:8:      serial_shops, nicolae_shop_stone, minmay_hedge_maze
D:9:      serial_shops, shop, grunt_ogre_cave, kennysheep_generic_room_12,
          uniq_psyche
D:10:     tgw_kikubaaqudgha
D:11:     david_lair_shrubbed, minmay_orc_entry_temple_small
Lair:1:   special_room, grunt_megastairs_4
Sewer:    sewer_frog_island_02

Skill      XL: |  1  2  3  4  5  6  7  8  9 10 11 |
---------------+----------------------------------+-----
Bows           | 6 7 8 10 11 13 15 16 | 16.2
Fighting       | 3 4 5 6 8 10 11 12 | 12.5
Invocations    | 3 8 |  8.3
Dodging        | |  1.3
Stealth        | |  0.4

Action                   |  1- 3 |  4- 6 |  7- 9 | 10-12 || total
-------------------------+-------+-------+-------+-------++-------
Melee: Short sword       |    77 |    10 |   111 |       ||   198
       Kick              |    16 |     2 |   159 |    50 ||   227
       Dagger            |       |       |   494 |   264 ||   758
 Fire: Shortbow          |    27 |   136 |   220 |   619 ||  1002
Evoke: Wand              |       |       |       |     5 ||     5
  Use: Scroll            |       |     1 |     9 |     6 ||    16
       Potion            |       |       |     1 |     9 ||    10
 Stab: Paralysed         |       |       |       |     5 ||     5
  Eat: Chunk             |     1 |     4 |    35 |    16 ||    56
Armor: Leather armour    |    54 |    21 |   185 |       ||   260
       Ring mail         |       |       |    64 |   356 ||   420
       Skin              |       |       |       |    42 ||    42
Dodge: Dodged            |    47 |    45 |   381 |   331 ||   804

Table legend:
 A = Non-vault XP
 B = Vault XP
 C = Vault XP percentage of total XP
 D = Non-vault monster count
 E = Vault monster count
 F = Vault count percentage of total count
                 A         B        C        D         E       F
            +---------+---------+-------+---------+---------+-------
      Total |   15681 |    4979 |  24.1 |     253 |     127 |  33.4
            +---------+---------+-------+---------+---------+-------
        D:1 |      32 |       7 |  17.9 |      10 |       5 |  33.3
        D:2 |      31 |       0 |   0.0 |       9 |       0 |   0.0
        D:3 |     241 |      47 |  16.3 |      28 |       7 |  20.0
        D:4 |     706 |      23 |   3.2 |      24 |       6 |  20.0
        D:5 |     485 |      37 |   7.1 |      29 |       1 |   3.3
        D:6 |     528 |     221 |  29.5 |      18 |       8 |  30.8
        D:7 |     845 |     854 |  50.3 |      15 |       5 |  25.0
        D:8 |    1179 |       0 |   0.0 |      29 |       0 |   0.0
        D:9 |     749 |     514 |  40.7 |      16 |       3 |  15.8
       D:10 |    2777 |       0 |   0.0 |      32 |       0 |   0.0
       D:11 |    3966 |     566 |  12.5 |      29 |      16 |  35.6
     Lair:1 |    4142 |    2351 |  36.2 |      14 |      25 |  64.1
      Sewer |       0 |     359 | 100.0 |       0 |      51 | 100.0
            +---------+---------+-------+---------+---------+-------
